 Dungeon Crawl Stone Soup version 0.30.0-29-ga12c61a403 (webtiles) character file.

Game seed: 5422352458310523506

51 Peloso the Trooper (level 3, 33/33 HPs)
             Began as a Minotaur Fighter on June 24, 2023.
             Got out of the dungeon alive.
             The game lasted 00:02:10 (2013 turns).

Peloso the Trooper (Minotaur Fighter)               Turns: 2013, Time: 00:02:10

Health: 33/33      AC:  7    Str: 20    XL:     3   Next: 58%
Magic:  2/2        EV:  9    Int:  5    God:
Gold:   133        SH:  5    Dex: 13    Spells: 2/2 levels left

rFire   . . .        a - +0 long sword
rCold   . . .        c - +0 buckler
rNeg    . . .        b - +0 scale mail
rPois   +            (helmet unavailable)
rElec   .            (no cloak)
rCorr   .            (no gloves)
SInv    .            (no boots)
Will    .....        (no amulet)
Stlth   +            (no ring)
HPRegen 0.25/turn    (no ring)
MPRegen 0.08/turn

%: no passive effects
@: no status effects
A: horns 3, retaliatory headbutt, thin skeletal structure 1, poison resistance,
screaming 1
a: no special abilities


You escaped.
You visited 1 branch of the dungeon, and saw 3 of its levels.

You collected 133 gold pieces.

Inventory:

Hand Weapons
 a - a +0 long sword (weapon)
Armour
 b - a +0 scale mail (worn)
 c - a +0 buckler (worn)
Jewellery
 g - a ring of flight
Scrolls
 j - 3 scrolls of immolation {unknown}
Potions
 d - a potion of might
 i - 2 potions of heal wounds {unknown}


   Skills:
 + Level 4.2 Fighting
 + Level 3.2 Long Blades
 + Level 4.0 Armour
 + Level 0.3 Dodging
 + Level 4.2 Shields


You had 2 spell levels left.
You didn't know any spells.
Your spell library contained the following spells:

 Spells                   Type           Power      Damage    Failure   Level
 Freeze                   Ice            0%         1d3       88%         1
 Frozen Ramparts          Ice            0%         1d1       99%         3
 Hailstorm                Conj/Ice       0%         3d3       99%         3


Dungeon Overview and Level Annotations

Branches:
Dungeon (3/15)

Altars:


Innate Abilities, Weirdness & Mutations

You have a pair of large horns on your head.
You reflexively headbutt those who attack you in melee.
You have a somewhat thin skeletal structure. (Dex +2, Stealth+)
Your system is resistant to poisons. (rPois)
You occasionally shout uncontrollably at your foes.


Message History

Partly explored, can't reach some places.
Partly explored, can't reach some places.
Partly explored, can't reach some places.
Partly explored, can't reach some places.
(D) Dungeon
Where to? (Enter - D:12, ? - help)
What level of the Dungeon? (default 1, ? - help)
You see here an adder skeleton.
There is a stone staircase leading down here.
You climb downwards.
Found 4 stones.
There is a stone staircase leading up here.
Sorry, I don't know how to get there.
It was a potion of flight.
You feel very buoyant.
You fly up into the air.
It was a potion of attraction.
You feel attractive to monsters.
It was a potion of mutation.
You feel extremely strange.
You feel the urge to shout. The horns on your head grow some more.
You feel resistant to poisons.
Your bones become slightly less dense.
(D) Dungeon
Where to? (Enter - D:12, ? - help)
What level of the Dungeon? (default 1, ? - help)
You fly upwards.
There is a stone staircase leading down here.
You are starting to lose your buoyancy.
You float gracefully downwards.
You feel less attractive to monsters.
There is a stone staircase leading up here.
You climb upwards.
There is a stone staircase leading down here.
You open the door.
There is an open door here.
You open the door.
There is an open door here.
There is an open door here.
There is a staircase leading out of the dungeon here.
Are you sure you want to leave the Dungeon?
This will make you lose the game!
You have escaped!

#################
#...............#
#.#############.# #.#
##########.# #.#
#.......##.# #.#
#.##+##.##.# #.#
#.#...#.##.# #.#
#.#.@.#.##.#
#.####.##'##.##.#
########.#..'.'.....##.#
.........#.##'########.##
##########.#..#.........#
..............#.######.##
..............#.....##.#
###..................#.#
...........>........####


There were no monsters in sight!

Vanquished Creatures
  2 adders (D:2)
  2 worms (D:2)
  A dart slug (D:1)
  A bat (D:2)
  2 endoplasms
  4 goblins (D:2)
  3 hobgoblins (D:1)
  3 quokkas (D:2)
  3 ball pythons (D:2)
  2 frilled lizards (D:2)
  3 rats
26 creatures vanquished.

Notes
Turn   | Place    | Note
-------+----------+-------------------------------------------
     0 | D:1      | Peloso the Minotaur Fighter began the quest for the Orb.
     0 | D:1      | Reached XP level 1. HP: 19/19 MP: 0/0
  1080 | D:1      | Reached XP level 2. HP: 22/27 MP: 1/1
  1491 | D:2      | Reached XP level 3. HP: 27/33 MP: 2/2
  1619 | D:2      | Found a faded altar of an unknown god.
  1959 | D:3      | Gained mutation: You occasionally shout uncontrollably at
                  | your foes. [potion of mutation]
  1959 | D:3      | Gained mutation: You have a pair of large horns on your
                  | head. [potion of mutation]
  1959 | D:3      | Gained mutation: Your system is resistant to poisons.
                  | (rPois) [potion of mutation]
  1959 | D:3      | Gained mutation: You have a somewhat thin skeletal
                  | structure. (Dex +2, Stealth+) [potion of mutation]
  2013 | D:$      | Got out of the dungeon alive.

Illustrated notes

Levels and vault maps discovered:
D:1:      ncdulo_smallfort, layout_basic
D:2:      layout_loops_ring, shapermc_ecumenical_altar_gd
D:3:      layout_rooms, nicolae_dithmenos_shadow_blocks,
          minmay_stone_trees_medium, minivault_5, uniq_crazy_yiuf_cottage

Skill      XL: |  1  2  3 |
---------------+----------+-----
Fighting       | 4 |  4.2
Shields        | 4 |  4.2
Long Blades    | 3 |  3.2
Armour         | 4 |  4.0
Dodging        | |  0.3

Action                     || total
---------------------------++-------
  Melee: Long sword        ||    91
         Headbutt          ||    10
    Use: Scroll            ||     2
         Potion            ||     4
 Armour: Scale mail        ||    48
  Dodge: Dodged            ||    39
  Block: Buckler           ||    23
